 Dungeon Crawl Stone Soup version 0.26-a0-682-g294304f6e8 (webtiles) character file.

Game seed: 2166031666218671195

125293 grandjackal the Fighter (level 16, -1/134 HPs)
             Began as a Demonspawn Gladiator on Oct 22, 2020.
             Was a High Priest of Vehumet.
             Slain by a mana viper (15 damage)
             ... on level 3 of the Snake Pit.
             The game lasted 01:15:08 (34018 turns).

grandjackal the Fighter (Demonspawn Gladiator)     Turns: 34018, Time: 01:15:09

Health: -1/134     AC: 23    Str: 26    XL:     16   Next: 41%
Magic:  0/29       EV: 17    Int: 18    God:    Vehumet [*****.]
Gold:   2129       SH:  0    Dex: 17    Spells: 22/34 levels left

rFire    + . .     SeeInvis +   a - +0 long sword
rCold    . . .     Faith    .   (no shield)
rNeg     + + .     Spirit   .   f - +6 chain mail "Gugem" {Str+3 SInv}
rPois    +         Reflect  .   q - +2 helmet
rElec    +         Harm     .   I - +2 cloak {MR+}
rCorr    .         Rampage  .   U - +2 pair of gloves
MR       +....                  (boots unavailable)
Stlth    +.........             S - amulet "Hoxzato" {Regen+ Int+3 Stlth+}
HPRegen  0.72/turn              u - ring of poison resistance
MPRegen  0.21/turn              D - ring "Yweyffe" {rElec rN++ MR- Str+6 Int+3}

@: lethally poisoned (-1 -> -1)
A: hooves 3, fire resistance 1, powered by death 1, rot immunity, flame cloud
immunity, sturdy frame 3
a: Renounce Religion


You were on level 3 of the Snake Pit.
You worshipped Vehumet.
Vehumet was extremely pleased with you.
You visited 4 branches of the dungeon, and saw 26 of its levels.
You visited 1 bazaar.
You also visited: Sewer, Ice Cave and Volcano.

You collected 3350 gold pieces.
You spent 1221 gold pieces at shops.

Inventory:

Hand Weapons
 a - a +0 long sword (weapon)
Missiles
 r - 3 throwing nets (quivered)
Armour
 f - the +6 chain mail "Gugem" (worn) {Str+3 SInv}
   (You found it on level 1 of the Lair of Beasts)

   It affects your strength (+3).
   It lets you see invisible.
 q - a +2 helmet (worn)
 H - a +0 buckler
 I - a +2 cloak of magic resistance (worn)
 U - a +2 pair of gloves (worn)
Jewellery
 d - an uncursed ring of ice {unknown}
 u - a ring of poison resistance (left hand)
 C - an uncursed ring of protection from cold
 D - the ring "Yweyffe" (right hand) {rElec rN++ MR- Str+6 Int+3}
   (You acquired it on level 15 of the Dungeon)

   [ring of strength]

   It affects your strength (+6).
   It affects your intelligence (+3).
   It insulates you from electricity.
   It greatly protects you from negative energy.
   It affects your resistance to hostile enchantments.
 L - an uncursed ring of protection from cold
 P - an uncursed ring of protection from fire
 R - an uncursed ring of positive energy
 S - the amulet "Hoxzato" (around neck) {Regen+ Int+3 Stlth+}
   (You bought it in a shop on level 9 of the Dungeon)

   [amulet of regeneration]

   It affects your intelligence (+3).
   It increases your rate of regeneration.
   It makes you more stealthy.
 V - an uncursed ring of protection from magic
Wands
 h - a wand of flame (105)
 F - a wand of polymorph (23)
 K - a wand of digging (6)
 M - a wand of disintegration (28)
 N - a wand of acid (3)
 O - a wand of paralysis (19)
 W - a wand of iceblast (7)
 X - a wand of enslavement (8)
Scrolls
 b - 17 scrolls of remove curse
 e - 11 scrolls of fear
 j - 3 scrolls of identify
 k - 11 scrolls of teleportation
 l - 4 scrolls of amnesia
 p - 5 scrolls of blinking
 t - 4 scrolls of magic mapping
 v - 6 scrolls of immolation
 y - 3 scrolls of fog
 Q - a scroll of enchant armour
 Y - a scroll of enchant weapon
 Z - 3 scrolls of vulnerability
Potions
 c - 4 potions of berserk rage
 g - 3 potions of flight
 i - 5 potions of curing
 m - 8 potions of heal wounds
 n - 2 potions of ambrosia
 o - 5 potions of brilliance
 s - 7 potions of stabbing
 w - 5 potions of lignification
 x - 3 potions of mutation
 z - 8 potions of magic
 A - 2 potions of might
 E - 5 potions of haste
 G - 2 potions of cancellation
 J - 2 potions of resistance
 T - 3 potions of invisibility


   Skills:
 + Level 14.5 Fighting
 + Level 13.6 Long Blades
 - Level 1.7 Throwing
 - Level 10.0 Dodging
 + Level 9.9 Spellcasting
 - Level 10.0 Conjurations
 + Level 11.8 Fire Magic


You had 22 spell levels left.
You knew the following spells:

 Your Spells              Type           Power        Failure   Level
c - Conjure Flame         Conj/Fire      #####...     1%          3
d - Sticky Flame          Conj/Fire      #####...     1%          4
e - Fireball              Conj/Fire      #####.....   1%          5

Your spell library contained the following spells:

 Spells                   Type           Power        Failure   Level
 Freezing Cloud           Conj/Ice/Air   ###.......   80%         6
 Foxfire                  Conj/Fire      ####         1%          1
 Magic Dart               Conj           ####         1%          1
 Shock                    Conj/Air       ####         1%          1
 Dazzling Flash           Conj/Hex       ####..       1%          3
 Inner Flame              Hex/Fire       ####....     1%          3
 Static Discharge         Conj/Air       ####....     1%          3
 Stone Arrow              Conj/Erth      ####..       1%          3
 Ignite Poison            Fire/Tmut/Pois ###.....     2%          3
 Mephitic Cloud           Conj/Pois/Air  ###.....     3%          3
 Sandblast                Erth           #.....       4%          1
 Lightning Bolt           Conj/Air       ####......   16%         5
 Corona                   Hex            #......      17%         1
 Sting                    Tmut/Pois      #...         17%         1
 Blink                    Tloc           N/A          26%         2
 Call Imp                 Summ           #.......     26%         2
 Corpse Rot               Necr/Air       N/A          26%         2
 Ensorcelled Hibernation  Hex/Ice        #.....       26%         2
 Passwall                 Tmut/Erth      #.......     26%         2
 Poisonous Vapours        Pois/Air       #.....       26%         2
 Slow                     Hex            #.......     26%         2
 Swiftness                Air            #.......     26%         2
 Airstrike                Air            #.........   38%         4
 Olgreb's Toxic Radiance  Pois           #.......     38%         4
 Confusing Touch          Hex            #.......     45%         3
 Spider Form              Tmut/Pois      #.........   45%         3
 Tukima's Dance           Hex            #.......     45%         3
 Lee's Rapid Deconstruct  Erth           #.........   71%         5
 Petrify                  Tmut/Erth      #.......     86%         4
 Alistair's Intoxication  Tmut/Pois      #........    99%         5
 Eringya's Noxious Bog    Tmut/Pois      #.........   100%        6


Dungeon Overview and Level Annotations

Branches:
Dungeon (15/15)            Temple (0/1) D:6            Lair (6/6) D:8
 Shoals (0/4) Lair:3        Snake (3/4) Lair:4        Slime (0/5) Lair:6
    Orc (2/2) D:12            Elf (0/3) Orc:2        Vaults (0/5) D:13
 Depths (0/5) D:15          Sewer (visited)           IceCv (visited)
Volcano (visited)

Altars:
Ashenzari
Cheibriados
Makhleb
Nemelex Xobeh
Okawaru
Vehumet
Wu Jian
The Shining One
Beogh

Shops:
D:6 !}   D:7 [   D:8 =   D:9 *   D:10 [*[!   D:15 *   Orc:2 =(*:(*

Portals:
Trove: D:15 (give 3 potions of resistance)

Annotations:
Orc:1 3 runed translucent doors, dickylongcocking's ghost, journeyman SpDe


Innate Abilities, Weirdness & Mutations

You have hooves in place of feet.
Your flesh is heat resistant. (rF+)
You regenerate a little health from kills.
You are immune to rotting.
You are immune to clouds of flame.
Your movements are significantly less encumbered by armour. (ER -6)


Message History

The mana viper is lightly wounded.
The mana viper is covered in liquid flames!
You feel sick.
The mana viper burns!
The mana viper barely misses you. The mana viper bites you!
* * * LOW HITPOINT WARNING * * *
You feel your power leaking away.
You slash the mana viper! Your kick misses the mana viper.
The mana viper is moderately wounded.
You feel sick. The mana viper bites you.
* * * LOW HITPOINT WARNING * * *
Unknown command.
You hit the mana viper. Your kick misses the mana viper.
The mana viper is moderately wounded.
The mana viper burns!
The mana viper bites you.
* * * LOW HITPOINT WARNING * * *
Unknown command.
You closely miss the mana viper. You kick the mana viper!
The mana viper is severely wounded.
You feel sick.
The mana viper burns!
The mana viper bites you!
You die...

*##.[......# #.<...##
,..........#######......#
,................#..)...#
**#.###..#.......#......# #.#
#..#######........# #.# #..#
#.#......# #.# #..# #.###....#
#.# #..# #.##.....# #.###..#
#@#......# ###......#
#S#......# ...NN....#
#S#......#
.÷....#..#######N#.(....#
#......†).......S#......#
#[###....†(...N.........#
#.......................#
)..#.............#......#******
##.#N###....####.##.....#*,,,,*


You could see a salamander, 2 mana vipers and a black mamba.

Vanquished Creatures
  Kirke (Snake:1)
  A nagaraja (Snake:2)
  A frost giant (IceCv)
  Nessos (Lair:4)
  A dire elephant (Lair:6)
  A deep elf annihilator (D:13)
  Snorg (Lair:3)
  A fire dragon (D:13)
  6 naga warriors
  9 hydras
  A catoblepas (Lair:6)
  4 anacondas (Snake:2)
  3 boulder beetles
  A death knight (D:13)
  4 two-headed ogres
  A tengu warrior (D:15)
  A deep troll shaman (Lair:6)
  3 naga sharpshooters
  7 death yaks
  5 shock serpents
  4 orc high priests
  Urug (Lair:3)
  Nergalle (D:10)
  A hell knight (Volcano)
  2 salamander mystics
  2 unseen horrors
  2 naga ritualists
  4 wizards
  A deep troll (D:13)
  2 phantasmal warriors (D:13)
  2 orc knights
  A necromancer (D:15)
  10 ugly things
  3 orc sorcerers
  8 mana vipers
  11 elephants
  2 deep elf magi
  A manticore (D:13)
  8 salamanders
  6 cyclopes
  Psyche (D:9)
  16 black mambas
  A merfolk siren (Lair:3)
  Joseph (D:7)
  An ice statue (IceCv)
  2 molten gargoyles (Volcano)
  2 guardian serpents
  6 naga magi
  A torpor snail (Lair:3)
  15 cane toads
  A rime drake (IceCv)
  A freezing wraith (D:13)
  14 komodo dragons
  5 trolls
  16 polar bears
  2 merfolk (Lair:3)
  11 slime creatures
  A hornet (D:12)
  A meliai zombie (D:14)
  17 blink frogs
  A vampire (D:13)
  2 shadows
  4 wraiths
  A hog (Snake:2)
  44 yaks
  6 wyverns
  4 basilisks
  Eustachio (D:4)
  A fire bat (Volcano)
  4 vampire mosquitoes
  Menkaure (D:7)
  A soldier ant (D:14)
  4 wargs
  17 water moccasins
  An acid dragon (D:15)
  15 nagas
  Duvessa (D:7)
  12 ice beasts
  A hornet zombie (D:15)
  A sky beast (D:5)
  An eye of draining (shapeshifter) (D:13)
  23 orc warriors
  3 black bears (D:8)
  2 phantoms (D:8)
  An eye of draining (D:8)
  11 ogres
  A necrophage (D:8)
  28 wolves
  10 centaurs
  2 big kobolds
  26 bullfrogs
  A gnoll sergeant (D:6)
  A wyvern skeleton (D:15)
  Dowan (D:7)
  8 scorpions
  A water moccasin skeleton (D:6)
  13 killer bees
  2 howler monkeys (D:8)
  3 bullfrog zombies
  3 centaur zombies
  2 jellies
  3 lava snakes (Volcano)
  4 quasits
  4 centaur skeletons
  26 orc priests
  6 hounds
  7 iguanas
  31 orc wizards
  2 bullfrog skeletons
  7 hell rats
  5 worker ants
  A killer bee zombie (D:10)
  A hound skeleton (D:11)
  12 gnolls
  14 adders
  5 river rats (Sewer)
  4 oozes
  A worm (D:2)
  2 dart slugs
  11 leopard geckos
  57 orcs
  13 ball pythons
  9 giant cockroaches
  7 hobgoblins
  26 jackals
  16 kobolds
  5 quokkas
  6 bats
  4 frilled lizards
  A giant cockroach zombie (D:5)
  9 goblins
  A jackal skeleton (D:4)
  27 rats
832 creatures vanquished.

Vanquished Creatures (others)
  A guardian serpent (Snake:2)
  2 elephants (Lair:4)
  2 yaks (IceCv)
  4 wolves (IceCv)
  An orc wizard (Orc:2)
  11 foxfires (Orc:2)
  39 fungi
  79 plants
139 creatures vanquished.

Grand Total: 971 creatures vanquished

Notes
Turn   | Place    | Note
-------+----------+-------------------------------------------
     0 | D:1      | grandjackal the Demonspawn Gladiator began the quest for
                  | the Orb.
     0 | D:1      | Reached XP level 1. HP: 16/16 MP: 1/1
   229 | D:1      | Gained mutation: You are immune to rotting. [demonic
                  | ancestry]
   229 | D:1      | Reached XP level 2. HP: 22/22 MP: 2/2
   511 | D:2      | Gained mutation: You regenerate a little health from kills.
                  | [demonic ancestry]
   511 | D:2      | Reached XP level 3. HP: 16/28 MP: 3/3
   944 | D:2      | You fall into a shaft and drop 1 floor!
   956 | D:3      | Noticed a scorpion
   965 | D:2      | Reached skill level 3 in Fighting
   965 | D:2      | Reached XP level 4. HP: 16/35 MP: 4/4
  1747 | D:3      | Found a sparkling altar of Nemelex Xobeh.
  1752 | D:3      | Found an ornate altar of the Wu Jian Council.
  1842 | D:3      | Gained mutation: Your movements are slightly less
                  | encumbered by armour. (ER -2) [demonic ancestry]
  1842 | D:3      | Reached XP level 5. HP: 6/41 MP: 5/5
  1847 | D:3      | HP: 1/41 [goblin/+0 short sword (4)]
  2561 | D:4      | Reached skill level 4 in Fighting
  2561 | D:4      | Reached XP level 6. HP: 21/48 MP: 6/6
  2905 | D:4      | Noticed Eustachio
  2946 | D:4      | Killed Eustachio
  3154 | D:4      | Gained mutation: You have large cloven feet. [demonic
                  | ancestry]
  3154 | D:4      | Reached XP level 7. HP: 55/55 MP: 7/7
  3982 | D:5      | Entered Level 5 of the Dungeon
  4182 | D:5      | Reached skill level 5 in Fighting
  4182 | D:5      | Reached skill level 5 in Long Blades
  4182 | D:5      | Reached skill level 5 in Dodging
  4295 | D:5      | Found a glowing drain.
  4427 | Sewer    | Entered a sewer
  5051 | D:5      | Found a radiant altar of Vehumet.
  5076 | D:5      | Found a snail-covered altar of Cheibriados.
  5081 | D:5      | Became a worshipper of Vehumet
  5092 | D:5      | Reached XP level 8. HP: 37/64 MP: 8/8
  5227 | D:5      | Learned a level 3 spell: Dazzling Flash
  5551 | D:5      | Found a broken altar of Ashenzari.
  5825 | D:5      | Reached skill level 1 in Conjurations
  5951 | D:6      | Reached skill level 6 in Fighting
  6912 | D:6      | Found Ylodut's Gadget Emporium.
  6913 | D:6      | Found a staircase to the Ecumenical Temple.
  7781 | D:6      | Found Igoolaq's Distillery.
  7808 | D:6      | Bought a potion of degeneration for 13 gold pieces
  7808 | D:6      | Bought a potion of lignification for 39 gold pieces
  7809 | D:6      | Bought a potion of curing for 39 gold pieces
  7809 | D:6      | Bought 2 potions of might for 104 gold pieces
  7809 | D:6      | Bought a potion of cancellation for 104 gold pieces
  7809 | D:6      | Bought a potion of brilliance for 52 gold pieces
  7909 | D:7      | Noticed Menkaure
  7920 | D:7      | Killed Menkaure
  7920 | D:7      | Reached XP level 9. HP: 35/71 MP: 9/9
  8140 | D:7      | Noticed Joseph
  8490 | D:7      | Killed Joseph
  8490 | D:7      | Reached skill level 7 in Fighting
  8567 | D:7      | Noticed Duvessa
  8567 | D:7      | Noticed Dowan
  8575 | D:7      | Killed Duvessa
  8580 | D:7      | Reached * piety under Vehumet
  8580 | D:7      | Offered knowledge of Sandblast by Vehumet.
  8583 | D:7      | Killed Dowan
  8788 | D:7      | Found a glowing golden altar of the Shining One.
  8793 | D:7      | You fall into a shaft and drop 2 floors!
  9166 | D:9      | Learned a level 1 spell: Foxfire
  9170 | D:9      | Learned a level 3 spell: Conjure Flame
  9218 | D:9      | Noticed Psyche
  9237 | D:9      | Killed Psyche
  9237 | D:9      | Reached skill level 5 in Conjurations
  9237 | D:9      | Reached skill level 1 in Fire Magic
  9411 | D:7      | Found Qimiegie's Antique Armour Boutique.
  9620 | D:8      | Reached XP level 10. HP: 74/80 MP: 10/10
  9677 | D:7      | Reached skill level 8 in Fighting
 10222 | D:8      | Found Myosuapne's Jewellery Shop.
 10275 | D:7      | HP: 3/80 [water moccasin (2)]
 10621 | D:8      | Found a staircase to the Lair.
 10950 | D:8      | Reached ** piety under Vehumet
 11150 | D:8      | Found a burning altar of Makhleb.
 11238 | D:8      | Offered knowledge of Freeze by Vehumet.
 11929 | D:9      | Found Hala's Assorted Antiques.
 11932 | D:9      | Bought a glittering ivory amulet for 145 gold pieces
 11937 | D:9      | Identified the amulet "Hoxzato" {Regen+ Int+3 Stlth+} (You
                  | bought it in a shop on level 9 of the Dungeon)
 12175 | D:10     | Entered Level 10 of the Dungeon
 12218 | D:10     | Noticed Nergalle
 12235 | D:10     | Killed Nergalle
 12307 | D:10     | Found Liablif's Antique Armour Shop.
 12377 | D:10     | Found Nasaxticysh's Assorted Antiques.
 12534 | D:10     | Found Moag Secw's Armour Shoppe.
 12570 | D:10     | Found Ahoups's Distillery.
 12618 | D:10     | Killed an unseen horror
 13088 | D:7      | Bought a shiny helmet for 202 gold pieces
 13278 | D:11     | Found a burning altar of Makhleb.
 13425 | D:11     | Gained mutation: Your movements are less encumbered by
                  | armour. (ER -4) [demonic ancestry]
 13425 | D:11     | Reached XP level 11. HP: 87/87 MP: 11/11
 13527 | D:11     | Noticed a purple ugly thing
 13554 | D:11     | HP: 3/87 [purple ugly thing (12)]
 13559 | D:11     | Killed a purple ugly thing
 13559 | D:11     | Reached skill level 9 in Fighting
 13733 | D:11     | Noticed a two-headed ogre
 13752 | D:11     | Killed a two-headed ogre
 14216 | D:12     | Noticed a boulder beetle
 14261 | D:12     | Noticed a five-headed hydra
 14278 | D:12     | Killed a five-headed hydra
 14386 | D:12     | Offered knowledge of Searing Ray by Vehumet.
 14862 | D:11     | Reached *** piety under Vehumet
 15042 | D:12     | Killed an unseen horror
 15042 | D:12     | Reached skill level 5 in Fire Magic
 15057 | D:12     | Killed a boulder beetle
 15258 | D:12     | Offered knowledge of Airstrike by Vehumet.
 15451 | D:12     | Noticed a cyan ugly thing
 15480 | D:12     | Killed a cyan ugly thing
 15742 | D:12     | Reached skill level 10 in Fighting
 15753 | D:12     | Gained mutation: You have hoof-like feet. [demonic
                  | ancestry]
 15753 | D:12     | Reached XP level 12. HP: 47/97 MP: 12/12
 15867 | D:12     | Learned a level 4 spell: Sticky Flame
 15900 | D:12     | Found a staircase to the Orcish Mines.
 16154 | D:12     | HP: 2/97 [slime creature (16)]
 16368 | Orc:1    | Entered Level 1 of the Orcish Mines
 16912 | Orc:2    | Entered Level 2 of the Orcish Mines
 16930 | Orc:2    | Reached **** piety under Vehumet
 16960 | Orc:2    | Found a staircase to the Elven Halls.
 17087 | Orc:1    | Offered knowledge of Bolt of Magma by Vehumet.
 17126 | Orc:1    | Found a roughly hewn altar of Beogh.
 17210 | Orc:1    | Found a runed translucent gate.
 17211 | Orc:1    | Found a runed translucent gate.
 17213 | Orc:1    | Found a runed translucent gate.
 17214 | Orc:1    | Noticed a tengu warrior
 17216 | Orc:1    | Noticed a naga warrior
 17216 | Orc:1    | Noticed a merfolk javelineer
 17217 | Orc:1    | Noticed a tengu warrior
 17218 | Orc:1    | Noticed dickylongcocking's ghost (journeyman SpDe)
 17220 | Orc:1    | Noticed a tengu warrior
 17267 | Orc:1    | Found an iron altar of Okawaru.
 17323 | Orc:2    | Found Xega Poy's Antique Weapon Shop.
 17365 | Orc:2    | Found Zaudgh's General Store.
 17416 | Orc:2    | Bought a scroll of identify for 28 gold pieces
 17416 | Orc:2    | Bought a potion of berserk rage for 70 gold pieces
 17495 | Orc:2    | Reached ***** piety under Vehumet
 17783 | Orc:2    | Noticed an orc high priest
 17789 | Orc:2    | Offered knowledge of Lee's Rapid Deconstruction by Vehumet.
 17796 | Orc:2    | Killed an orc high priest
 17806 | Orc:2    | Noticed an orc high priest
 18099 | Orc:2    | Noticed an orc high priest
 18133 | Orc:1    | Reached skill level 10 in Long Blades
 18233 | Orc:1    | Killed an orc high priest
 18233 | Orc:1    | Reached skill level 10 in Dodging
 18282 | Orc:2    | Noticed an orc high priest
 18293 | Orc:2    | Killed an orc high priest
 18319 | Orc:2    | Reached skill level 1 in Spellcasting
 18346 | Orc:2    | Killed an orc high priest
 18521 | Orc:2    | Found Koovei's Weapon Emporium.
 18521 | Orc:2    | Found Gevanil's Jewellery Emporium.
 18522 | Orc:2    | Found Hauwnum's General Store.
 18525 | Orc:2    | Found Pycuinye's Book Shoppe.
 18850 | Lair:1   | Entered Level 1 of the Lair of Beasts
 19038 | Lair:1   | Got an agate-encrusted chain mail
 19124 | Lair:1   | Noticed a six-headed hydra
 19132 | Lair:1   | Killed a six-headed hydra
 19134 | Lair:1   | Reached skill level 11 in Fighting
 19223 | Lair:1   | Gained mutation: Your movements are significantly less
                  | encumbered by armour. (ER -6) [demonic ancestry]
 19223 | Lair:1   | Reached XP level 13. HP: 46/106 MP: 14/16
 19252 | Lair:1   | Identified the +6 chain mail "Gugem" {Str+3 SInv} (You
                  | found it on level 1 of the Lair of Beasts)
 20988 | Lair:3   | Noticed Urug
 20988 | Lair:3   | Noticed Snorg
 21057 | Lair:2   | Offered knowledge of Irradiate by Vehumet.
 21184 | Lair:3   | Killed Snorg
 21390 | Lair:2   | Learned a level 5 spell: Fireball
 21448 | Lair:3   | Killed Urug
 21483 | Lair:3   | Reached skill level 10 in Conjurations
 21930 | Lair:3   | Found a staircase to the Shoals.
 22082 | Lair:4   | Noticed Nessos
 22269 | Lair:4   | Found a frozen archway.
 22270 | Lair:4   | Killed Nessos
 22311 | IceCv    | Entered an ice cave
 22430 | IceCv    | Reached skill level 5 in Spellcasting
 22990 | IceCv    | Reached skill level 12 in Fighting
 22993 | IceCv    | Offered knowledge of Yara's Violent Unravelling by Vehumet.
 23027 | IceCv    | Gained mutation: You have hooves in place of feet. [demonic
                  | ancestry]
 23027 | IceCv    | Reached XP level 14. HP: 115/115 MP: 21/21
 23320 | IceCv    | Noticed a frost giant
 23342 | IceCv    | Killed a frost giant
 23671 | Lair:4   | Found a staircase to the Snake Pit.
 25062 | Lair:6   | Entered Level 6 of the Lair of Beasts
 25062 | Lair:6   | Found a staircase to the Slime Pits.
 25174 | Lair:6   | Found a dark tunnel.
 25196 | Volcano  | Entered a volcano
 25331 | Volcano  | Found a burning altar of Makhleb.
 25687 | Lair:6   | Offered knowledge of Iskenderun's Battlesphere by Vehumet.
 26322 | Lair:6   | Reached skill level 10 in Fire Magic
 26442 | Lair:6   | Reached skill level 13 in Fighting
 26657 | Lair:6   | Gained mutation: Your flesh is heat resistant. (rF+)
                  | [demonic ancestry]
 26657 | Lair:6   | Reached XP level 15. HP: 24/123 MP: 7/26
 27826 | D:13     | Found a gate to the Vaults.
 28799 | D:13     | Identified the Disquisition on Envenoming
 28802 | D:13     | Identified An Early Guide to Rites and Rhymes
 28810 | D:13     | Got a bloodstained cloak
 28821 | D:13     | Identified the cursed +0 cloak of Conscience {Dex+3} (You
                  | found it on level 13 of the Dungeon)
 30035 | D:15     | Entered Level 15 of the Dungeon
 30035 | D:15     | Found a portal to a secret trove of treasure.
 30047 | D:15     | Identified a scroll of acquirement
 30054 | D:15     | Acquired the ring "Yweyffe" {rElec rN++ MR- Str+6 Int+3}
 30188 | D:15     | Offered knowledge of Iron Shot by Vehumet.
 30489 | D:15     | Found Lagiemp's Assorted Antiques.
 30508 | D:15     | Bought a potion of heal wounds for 155 gold pieces
 30594 | D:15     | Found a staircase to the Depths.
 30853 | Snake:1  | Entered Level 1 of the Snake Pit
 31257 | Snake:1  | Identified the +7 dagger "Tormentor" {vorpal, rElec MR-
                  | Str+2 Int+4} (You found it on level 1 of the Snake Pit)
 31446 | Snake:1  | Reached skill level 14 in Fighting
 32027 | Snake:2  | Gained mutation: You are immune to clouds of flame.
                  | [demonic ancestry]
 32027 | Snake:2  | Reached XP level 16. HP: 119/133 MP: 29/29
 32405 | Snake:2  | Noticed Kirke
 32421 | Snake:1  | Killed Kirke
 33528 | Snake:3  | Found a flickering gateway to a bazaar.
 33586 | Bazaar   | Entered a bazaar
 33650 | Bazaar   | Found Suduuwo's Weapon Boutique.
 33654 | Bazaar   | Found Taamo's Jewellery Boutique.
 33654 | Bazaar   | Found Emutoit's Distillery.
 33654 | Bazaar   | Found Arphent's Assorted Antiques.
 33660 | Bazaar   | Bought a scroll of blinking for 270 gold pieces
 34003 | Snake:3  | Offered knowledge of Freezing Cloud by Vehumet.
 34018 | Snake:3  | Slain by a mana viper

Illustrated notes

Levels and vault maps discovered:
D:1:      erik_arrival_orb_chamber, layout_rooms
D:2:      layout_basic, grunt_ministairs_3, minmay_misc_feat_encased
D:3:      layout_rooms, minitemple
D:4:      layout_basic, minmay_misc_feat_doors, uniq_eustachio
D:5:      layout_loops_ring, kennysheep_little_box, grunt_temple_overflow_open,
          portal_sewer_entry_f
D:6:      layout_loops_corners, minmay_temple_entry_mist, serial_shops, shop,
          shop_statue, minmay_starry_boxes
D:7:      layout_rooms, serial_shops, nicolae_shop_overgrown_old_shop,
          basic_altar, uniq_duvessa, uniq_menkaure, uniq_joseph
D:8:      layout_gridville, makhleb_heckhound_becter, minmay_lair_entry_grove,
          serial_shops, nicolae_shop_waterfront
D:9:      layout_loops_cross, serial_shops, kennysheep_mini, uniq_psyche
D:10:     layout_cave_pools, serial_shops,
          nicolae_shop_temple_entry_statues_fountains, shop, shop, shop,
          kennysheep_generic_room_9, uniq_nergalle
D:11:     layout_stronghold, basic_altar, dk_vineyard_3
D:12:     layout_basic, orc_0_dummy
D:13:     cheibrodos_wizards_tower, layout_basic, david_vaults_4
D:14:     layout_rooms, minmay_strange_pillars
D:15:     grunt_enter_depths_magical_seal, layout_rooms, hex_tiny, serial_shops,
          shop, nicolae_trove_entry_free_sample
Lair:1:   statuecave_lemuel, layout_chaotic_city, grunt_megastairs_4
Lair:2:   layout_loops_ring
Lair:3:   layout_big_grid, elwin_shoals_entry_rooms, uniq_urug, uniq_snorg
Lair:4:   layout_misc_corridors, guppyfry_snake_entry_island,
          portal_ice_cave_entry_ice_beasts, uniq_nessos
Lair:5:   layout_cave_pods
Lair:6:   grunt_lair_end_beastmaster, layout_loops_ring, slime_dummy,
          enter_volcano_2, serial_bayou_lagoon_b
Snake:1:  layout_misc_corridors, drop_trap
Snake:2:  layout_honeycomb, uniq_kirke
Snake:3:  hangedman_cross_stitches, layout_gridlike, serial_shops,
          bzr_entry_gold, minmay_shop_star
Orc:1:    layout_diamond_mine, basic_altar, gammafunk_ghost_fury_of_okawaru,
          nicolae_orc_sculptors_studio
Orc:2:    st_orc_mages, layout_diamond_mine, serial_shops, shop_fountains,
          nicolae_shop_statue_plus

Skill      XL: |  1  2  3  4  5  6  7  8  9 10 11 12 13 14 15 |
---------------+----------------------------------------------+-----
Long Blades    | 3 4 5 6 7 8 9 10 11 12 13 | 13.6
Dodging        | 3 4 5 6 7 8 9 10 | 10.0
Fighting       | 3 4 5 6 7 8 10 11 12 13 14 | 14.5
Conjurations   | 3 5 6 8 9 10 | 10.0
Fire Magic     | 1 3 5 7 8 10 11 | 11.8
Spellcasting   | 2 5 7 9 |  9.9
Throwing       | |  1.7

Action                   |  1- 3 |  4- 6 |  7- 9 | 10-12 | 13-15 | 16-18 || total
-------------------------+-------+-------+-------+-------+-------+-------++-------
Melee: Long sword        |    96 |   177 |   446 |  1023 |  1302 |   191 ||  3235
       Kick              |       |       |   184 |   614 |   953 |   125 ||  1876
       Short sword       |       |       |       |    23 |       |       ||    23
       Dagger            |       |       |       |     7 |    58 |       ||    65
       Unarmed           |       |       |       |       |       |     2 ||     2
Throw: Dart              |       |    20 |     3 |    22 |       |       ||    45
       Throwing net      |       |     1 |     1 |     5 |       |       ||     7
 Cast: Sticky Flame      |       |       |       |    33 |   119 |    30 ||   182
       Foxfire           |       |       |       |     6 |       |       ||     6
       Fireball          |       |       |       |       |    61 |     5 ||    66
Evoke: Wand              |       |       |     8 |    16 |    27 |       ||    51
  Use: Scroll            |       |       |     1 |    14 |    20 |     1 ||    36
       Potion            |       |       |     2 |     3 |     6 |       ||    11
 Stab: Sleeping          |       |       |       |     7 |     1 |       ||     8
       Paralysed         |       |       |       |     9 |       |       ||     9
       Held in net/web   |       |       |       |     5 |       |       ||     5
       Distracted        |       |       |       |     1 |       |       ||     1
Armor: Leather armour    |     9 |       |       |       |       |       ||     9
       Ring mail         |    37 |    79 |   219 |   365 |     2 |       ||   702
       Chain mail        |       |       |       |       |   687 |   107 ||   794
Dodge: Dodged            |    80 |   181 |   458 |  1152 |  1440 |   203 ||  3514
       Rpst.: Long sword |    24 |    56 |   113 |   308 |   349 |    47 ||   897

Table legend: (Time is in decaauts)
 A = Elapsed time spent in this place.
 B = Non-inter-level travel time spent in this place.
 C = Inter-level travel time spent in this place.
 D = Time resting spent in this place.
 E = Time spent auto-exploring this place.
 F = Levels seen in this place.
 G = Mean time per level.
                   A        B        C        D        E       F      G
               +--------+--------+--------+--------+--------+-----+--------+
         Total |  33891 |  32314 |   1577 |  10611 |  13909 |  30 | 1129.7 |
       Dungeon |  19482 |  18423 |   1059 |   6779 |   8000 |  15 | 1298.8 |
          Lair |   7138 |   6772 |    366 |   1759 |   3534 |   6 | 1189.7 |
     Snake Pit |   2858 |   2827 |     31 |    737 |   1335 |   3 |  952.7 |
  Orcish Mines |   2219 |   2099 |    120 |    319 |   1024 |   2 | 1109.5 |
        Bazaar |     92 |     92 |      0 |     62 |      0 |   1 |   92.0 |
         Sewer |    629 |    629 |      0 |    287 |     15 |   1 |  629.0 |
      Ice Cave |   1164 |   1164 |      0 |    619 |      0 |   1 | 1164.0 |
       Volcano |    307 |    307 |      0 |     49 |      0 |   1 |  307.0 |
               +--------+--------+--------+--------+--------+-----+--------+

Top non-repeatable levels by time:
    D:13: 1949 daAuts
     D:6: 1922 daAuts
  Lair:6: 1876 daAuts
    D:12: 1860 daAuts
     D:5: 1786 daAuts
 Snake:2: 1685 daAuts
     D:7: 1683 daAuts
    D:11: 1501 daAuts
  Lair:2: 1487 daAuts
     D:4: 1463 daAuts
     D:8: 1360 daAuts
     D:9: 1270 daAuts
   Orc:2: 1255 daAuts
   IceCv: 1164 daAuts
  Lair:1: 1007 daAuts
